 Dungeon Crawl Stone Soup version 0.25-a0-1118-g1a08195 (webtiles) character file.

Game seed: 13022065197358250426, levelgen mode: deterministic

11145 2tousent the Blocker (level 11, -12/89 HPs)
             Began as a Gnoll Fighter on May 16, 2020.
             Was a High Priest of Dithmenos.
             Killed from afar by Fannar (31 damage)
             ... with a bolt of cold
             ... on level 12 of the Dungeon.
             The game lasted 00:30:23 (11860 turns).

2tousent the Blocker (Gnoll Fighter)               Turns: 11860, Time: 00:30:24

Health: -12/89     AC: 10    Str: 20    XL:     11   Next: 73%
Magic:  18/20      EV: 16    Int: 11    God:    Dithmenos [*****.]
Gold:   1007       SH:  0    Dex: 16    Spells: 15/22 levels left

rFire    . . .     SeeInvis .   x - +2 dagger (venom)
rCold    . . .     Gourm    .   (no shield)
rNeg     . . .     Faith    .   y - +0 leather armour
rPois    .         Spirit   .   (no helmet)
rElec    .         Reflect  .   (no cloak)
rCorr    .         Harm     .   H - +1 pair of gloves
MR       +....                  (no boots)
Stlth    +++++.....             t - amulet of regeneration
HPRegen  0.64/turn              L - ring of protection from magic
MPRegen  0.17/turn              F - +4 ring of protection

@: wreathed by umbra
A: distributed training, fangs 1, strong nose
a: Shadow Step, Shadow Form, Renounce Religion


You were on level 12 of the Dungeon.
You worshipped Dithmenos.
Dithmenos was extremely pleased with you.
You were not hungry.

You visited 1 branch of the dungeon, and saw 12 of its levels.

You collected 1007 gold pieces.

Inventory:

Hand Weapons
 a - a +0 war axe
 e - a +0 dagger of venom
 x - a +2 dagger of venom (weapon)
 M - the cursed +3 scythe "Hoddiaps" {vamp, +Rage MR++ Dex-5 Stlth+, unknown}
   (You found it on level 6 of the Dungeon)

   It inflicts no extra harm, but heals its wielder when it wounds a living foe.
   It affects your dexterity (-5).
   It affects your resistance to hostile enchantments.
   It lets you go berserk.
   It makes you more stealthy.
   It has a curse placed upon it.
Missiles
 q - 6 poisoned darts
 D - 88 bolts
 N - 6 atropa-tipped darts (quivered)
Armour
 b - a +0 scale mail
 c - a +1 kite shield
 y - a +0 leather armour (worn)
 E - a +0 pair of gloves
 H - a +1 pair of gloves (worn)
Jewellery
 l - a -4 ring of evasion
 m - a -4 ring of intelligence
 n - an uncursed amulet of the acrobat
 t - an amulet of regeneration (around neck)
 u - an uncursed amulet of magic regeneration
 F - a +4 ring of protection (right hand)
 L - a ring of protection from magic (left hand)
 W - an uncursed amulet of guardian spirit {unknown}
Wands
 r - a wand of iceblast (29)
 w - a wand of flame (33)
 C - a wand of digging (14)
 G - a wand of paralysis (5)
 O - a wand of polymorph (14)
 R - a wand of enslavement (11)
Scrolls
 h - 9 scrolls of remove curse
 k - 4 scrolls of enchant weapon
 p - 3 scrolls of magic mapping
 v - 3 scrolls of fog
 I - 2 scrolls of amnesia
 J - a scroll of blinking
 K - 9 scrolls of identify
 P - 7 scrolls of fear {unknown}
 T - a scroll of summoning {unknown}
 V - a scroll of immolation {unknown}
Potions
 d - a potion of might
 g - a potion of stabbing
 i - a potion of lignification
 j - a potion of heal wounds
 o - 2 potions of haste {unknown}
 s - 4 potions of degeneration {unknown}
 z - 10 potions of curing {unknown}
 A - a potion of flight {unknown}
 B - 2 potions of invisibility {unknown}
 Q - 2 potions of ambrosia {unknown}
 S - a potion of brilliance {unknown}
Miscellaneous
 U - a phial of floods
Comestibles
 f - 24 rations


   Skills:
 + Level 9.3 Fighting
 + Level 6.4 Short Blades
 + Level 6.4 Long Blades
 + Level 8.0 Axes
 + Level 6.4 Maces & Flails
 + Level 6.4 Polearms
 + Level 6.4 Staves
 + Level 6.4 Slings
 + Level 6.4 Bows
 + Level 6.4 Crossbows
 + Level 6.4 Throwing
 + Level 9.3 Armour
 + Level 6.4 Dodging
 + Level 6.4 Stealth
 + Level 9.3 Shields
 + Level 6.4 Unarmed Combat
 + Level 6.4 Spellcasting
 + Level 5.3 Conjurations
 + Level 5.3 Hexes
 + Level 5.3 Charms
 + Level 5.3 Summonings
 + Level 5.3 Necromancy
 + Level 5.3 Translocations
 + Level 5.3 Transmutations
 + Level 5.3 Fire Magic
 + Level 5.3 Ice Magic
 + Level 5.3 Air Magic
 + Level 5.3 Earth Magic
 + Level 5.3 Poison Magic
 + Level 7.1 Invocations
 + Level 6.4 Evocations


You had 15 spell levels left.
You knew the following spells:

 Your Spells              Type           Power        Failure   Level  Hunger
a - Blink                 Tloc           N/A          3%          2    ##.....
b - Call Imp              Summ           ###.....     3%          2    ##.....
c - Mephitic Cloud        Conj/Pois/Air  ###.....     7%          3    ###....

Your spell library contained the following spells:

 Spells                   Type           Power        Failure   Level  Hunger
 Infusion                 Chrm           ###.         2%          1    None
 Magic Dart               Conj           ###.         2%          1    None
 Shroud of Golubria       Chrm/Tloc      ###...       3%          2    ##.....
 Slow                     Hex            ###.....     3%          2    ##.....
 Song of Slaying          Chrm           ###.....     3%          2    ##.....
 Conjure Flame            Conj/Fire      ###.....     7%          3    ###....
 Ozocubu's Armour         Chrm/Ice       ###.....     7%          3    ###....
 Spectral Weapon          Hex/Chrm       ###.....     7%          3    ###....


Dungeon Overview and Level Annotations

Branches:
Dungeon (12/15)            Temple (0/1) D:4            Lair (0/6) D:8
    Orc (0/2) D:11

Altars:
Ashenzari
Dithmenos
Kikubaaqudgha
Makhleb
Nemelex Xobeh
Okawaru
Vehumet
Wu Jian
Yredelemnul
Beogh

Shops:
D:12 (

Annotations:
D:5 2 transporters, Auros's ghost, novice TeMo
D:10 1 runed translucent door, Eggiczoser's ghost, novice DrTm
D:12 Fannar


Innate Abilities, Weirdness & Mutations

Your experience applies equally to all skills.
You have very sharp teeth.
Your uncanny sense of smell can sniff out nearby items.


Message History

Evoke which item? (* to show all) (? for menu, Esc to quit)
Aiming: Enslavement
Press: ? - help, Shift-Dir - straight line, f - Fannar
Aim: Fannar, wielding a staff of cold and wearing a +1 robe of cold resistance (heavily wounded, covered in an icy film, unaware, very poisoned, hasn't noticed you, umbra, chance to defeat MR: 16%)
Okay, then.
Evoke which item? (* to show all) (? for menu, Esc to quit)
Aiming: Throw Flame
Press: ? - help, Shift-Dir - straight line, f - Fannar
Aim: Fannar, wielding a staff of cold and wearing a +1 robe of cold resistance (heavily wounded, covered in an icy film, unaware, very poisoned, hasn't noticed you, umbra)
The puff of flame hits Fannar.
The heat melts Fannar's icy armour.
Fannar is severely wounded.
Fannar shouts!
Evoke which item? (* to show all) (? for menu, Esc to quit)
Aiming: Throw Flame
Press: ? - help, Shift-Dir - straight line, f/p - Fannar
Aim: Fannar, wielding a staff of cold and wearing a +1 robe of cold resistance (severely wounded, covered in an icy film, very poisoned, umbra)
The puff of flame misses Fannar.
Fannar casts a spell at you. The bolt of cold hits you!!
You die...

## #.# #####.#
<.....# #####.#
#.# ######### ##
#.# #.......^ #.
#.########.###
#.
#......Ye....#
#.
#.#..#######.#@#
#. #.......#
#.....# #.
#....e#.#
###.### #.
#....## # #.#
###. #.#..# #.#
##.#. ......#
... #....
###.#.## ...
##.#รท #... ...
#.#. ##.. #.##


You could see Fannar (icy armour, very poisoned) and an ice beast (summoned).

Vanquished Creatures
  A centaur warrior (D:11)
  2 two-headed ogres
  An ugly thing (D:11)
  A cyclops (D:12)
  2 trolls
  2 hippogriffs (D:9)
  3 yaks (D:8)
  2 wyverns
  A hungry ghost (D:11)
  A warg (D:11)
  Menkaure (D:4)
  A black bear (D:10)
  5 porcupines
  6 orc warriors
  3 sky beasts
  2 ice beasts
  2 phantoms
  6 ogres
  An eye of draining (D:12)
  2 centaurs
  5 crocodiles (D:8)
  3 big kobolds
  9 bullfrogs
  A wyvern zombie (D:9)
  4 scorpions
  6 killer bees
  7 wights
  4 howler monkeys
  An electric eel (D:12)
  6 crimson imps
  2 bullfrog zombies (D:9)
  3 jellies
  A centaur zombie (D:9)
  2 centaur skeletons
  6 orc priests
  A bullfrog skeleton (D:7)
  3 hounds
  9 orc wizards
  A gnoll shaman (D:4)
  Jessica (D:3)
  Terence (D:3)
  6 iguanas
  10 worker ants
  A killer bee zombie (D:7)
  A worker ant zombie (D:5)
  Robin (D:3)
  3 gnolls
  A howler monkey zombie (D:5)
  13 adders
  2 shadow imps
  2 adder zombies
  7 dart slugs
  7 leopard geckos
  51 orcs
  7 giant cockroaches
  15 goblins
  10 hobgoblins
  5 jackals
  14 kobolds
  7 quokkas
  10 bats
  6 frilled lizards
  2 jackal skeletons
  6 rats
308 creatures vanquished.

Vanquished Creatures (collateral kills)
  A human (D:11)
  A bullfrog zombie (D:11)
  A centaur skeleton (D:12)
  3 orcs (D:11)
6 creatures vanquished.

Vanquished Creatures (others)
  5 fungi
  10 plants
15 creatures vanquished.

Grand Total: 329 creatures vanquished

Notes
Turn   | Place    | Note
-------+----------+-------------------------------------------
     0 | D:1      | 2tousent the Gnoll Fighter began the quest for the Orb.
     0 | D:1      | Reached XP level 1. HP: 23/23 MP: 1/1
   115 | D:1      | Reached XP level 2. HP: 29/29 MP: 2/2
   439 | D:1      | Reached XP level 3. HP: 26/35 MP: 3/3
  1255 | D:2      | Reached skill level 1 in Invocations
  1683 | D:2      | Reached skill level 1 in Short Blades
  1683 | D:2      | Reached skill level 1 in Long Blades
  1683 | D:2      | Reached skill level 1 in Maces & Flails
  1683 | D:2      | Reached skill level 1 in Polearms
  1683 | D:2      | Reached skill level 1 in Staves
  1683 | D:2      | Reached skill level 1 in Slings
  1683 | D:2      | Reached skill level 1 in Bows
  1683 | D:2      | Reached skill level 1 in Crossbows
  1683 | D:2      | Reached skill level 1 in Throwing
  1683 | D:2      | Reached skill level 1 in Dodging
  1683 | D:2      | Reached skill level 1 in Stealth
  1683 | D:2      | Reached skill level 1 in Unarmed Combat
  1683 | D:2      | Reached skill level 1 in Spellcasting
  1683 | D:2      | Reached skill level 1 in Evocations
  1683 | D:2      | Reached XP level 4. HP: 41/41 MP: 5/5
  1895 | D:3      | Reached skill level 1 in Conjurations
  1895 | D:3      | Reached skill level 1 in Hexes
  1895 | D:3      | Reached skill level 1 in Charms
  1895 | D:3      | Reached skill level 1 in Summonings
  1895 | D:3      | Reached skill level 1 in Necromancy
  1895 | D:3      | Reached skill level 1 in Translocations
  1895 | D:3      | Reached skill level 1 in Transmutations
  1895 | D:3      | Reached skill level 1 in Fire Magic
  1895 | D:3      | Reached skill level 1 in Ice Magic
  1895 | D:3      | Reached skill level 1 in Air Magic
  1895 | D:3      | Reached skill level 1 in Earth Magic
  1895 | D:3      | Reached skill level 1 in Poison Magic
  2159 | D:3      | Reached XP level 5. HP: 41/47 MP: 6/6
  2212 | D:3      | Noticed Jessica
  2221 | D:3      | Killed Jessica
  2303 | D:3      | Found a faded altar of an unknown god.
  2306 | D:3      | Became a worshipper of Dithmenos the Shadowed
  2306 | D:3      | Reached * piety under Dithmenos
  2331 | D:3      | Noticed Robin
  2389 | D:3      | Killed Robin
  2423 | D:3      | Reached ** piety under Dithmenos
  2617 | D:3      | Noticed Terence
  2627 | D:3      | Killed Terence
  2627 | D:3      | Reached XP level 6. HP: 46/53 MP: 8/8
  3231 | D:4      | Reached skill level 5 in Axes
  3252 | D:4      | Found a staircase to the Ecumenical Temple.
  3270 | D:4      | Found a radiant altar of Vehumet.
  3466 | D:4      | Noticed Menkaure
  3486 | D:4      | Killed Menkaure
  3486 | D:4      | Reached XP level 7. HP: 13/59 MP: 10/10
  3621 | D:4      | Found a basalt altar of Yredelemnul.
  3777 | D:5      | Entered Level 5 of the Dungeon
  3845 | D:5      | Found an iron altar of Okawaru.
  3956 | D:5      | Noticed Auros's ghost (novice TeMo)
  3957 | D:5      | Found a transporter.
  4052 | D:5      | Reached *** piety under Dithmenos
  4542 | D:5      | Identified the +10 great mace "Pinug" {pain, Int+2}
  4547 | D:5      | Found a transporter.
  4776 | D:6      | Noticed a two-headed ogre
  4782 | D:6      | Reached XP level 8. HP: 63/67 MP: 12/12
  4816 | D:6      | Killed a two-headed ogre
  5000 | D:6      | Learned a level 2 spell: Blink
  5003 | D:6      | Learned a level 2 spell: Call Imp
  5024 | D:6      | Reached XP level 9. HP: 55/72 MP: 14/14
  5205 | D:6      | Got a dazzling scythe
  5344 | D:6      | Found a shattered altar of Ashenzari.
  5427 | D:6      | Found an ancient bone altar of Kikubaaqudgha.
  5427 | D:6      | Found a sparkling altar of Nemelex Xobeh.
  5601 | D:7      | Noticed a two-headed ogre
  5632 | D:7      | Killed a two-headed ogre
  5819 | D:7      | Found a shadowy altar of Dithmenos.
  5892 | D:7      | Reached skill level 5 in Invocations
  6246 | D:7      | Reached **** piety under Dithmenos
  6246 | D:7      | Reached XP level 10. HP: 79/80 MP: 17/17
  6526 | D:7      | Found an ornate altar of the Wu Jian Council.
  6595 | D:8      | Found a staircase to the Lair.
  6777 | D:8      | Reached skill level 5 in Short Blades
  6777 | D:8      | Reached skill level 5 in Long Blades
  6777 | D:8      | Reached skill level 5 in Maces & Flails
  6777 | D:8      | Reached skill level 5 in Polearms
  6777 | D:8      | Reached skill level 5 in Staves
  6777 | D:8      | Reached skill level 5 in Slings
  6777 | D:8      | Reached skill level 5 in Bows
  6777 | D:8      | Reached skill level 5 in Crossbows
  6777 | D:8      | Reached skill level 5 in Throwing
  6777 | D:8      | Reached skill level 5 in Dodging
  6777 | D:8      | Reached skill level 5 in Stealth
  6777 | D:8      | Reached skill level 5 in Unarmed Combat
  6777 | D:8      | Reached skill level 5 in Spellcasting
  6777 | D:8      | Reached skill level 5 in Evocations
  8001 | D:9      | Found a burning altar of Makhleb.
  8365 | D:9      | Reached XP level 11. HP: 82/87 MP: 19/19
  8385 | D:9      | Reached ***** piety under Dithmenos
  8763 | D:10     | Entered Level 10 of the Dungeon
  9154 | D:10     | Found a runed translucent door.
  9157 | D:10     | Noticed a spriggan rider
  9171 | D:10     | Noticed Eggiczoser's ghost (novice DrTm)
  9178 | D:10     | Identified the +6 spear "Lifebane" {antimagic, rElec MR-
                  | Str+3 Dex+2}
  9642 | D:11     | Reached skill level 5 in Conjurations
  9642 | D:11     | Reached skill level 5 in Hexes
  9642 | D:11     | Reached skill level 5 in Charms
  9642 | D:11     | Reached skill level 5 in Summonings
  9642 | D:11     | Reached skill level 5 in Necromancy
  9642 | D:11     | Reached skill level 5 in Translocations
  9642 | D:11     | Reached skill level 5 in Transmutations
  9642 | D:11     | Reached skill level 5 in Fire Magic
  9642 | D:11     | Reached skill level 5 in Ice Magic
  9642 | D:11     | Reached skill level 5 in Air Magic
  9642 | D:11     | Reached skill level 5 in Earth Magic
  9642 | D:11     | Reached skill level 5 in Poison Magic
  9792 | D:11     | Noticed a centaur warrior
  9814 | D:11     | Killed a centaur warrior
 10031 | D:11     | Found a staircase to the Orcish Mines.
 10383 | D:11     | Learned a level 3 spell: Mephitic Cloud
 10405 | D:11     | Noticed a purple ugly thing
 10432 | D:11     | Killed a purple ugly thing
 10651 | D:11     | Found a roughly hewn altar of Beogh.
 11200 | D:12     | Found Bof Qasu's Weapon Boutique.
 11266 | D:12     | HP: 4/89 [poisoned by a killer bee]
 11272 | D:12     | HP: 3/89 [poisoned by a killer bee]
 11277 | D:12     | HP: 3/89 [poisoned by a killer bee]
 11282 | D:12     | HP: 4/89 [poisoned by a killer bee]
 11505 | D:12     | Noticed a cyclops
 11517 | D:12     | Killed a cyclops
 11829 | D:12     | Noticed Fannar
 11860 | D:12     | Killed from afar by Fannar

Illustrated notes

Levels and vault maps discovered:
D:1:      erik_arrival_blinker_ship, layout_basic, st_stairs_13,
          minmay_tetromino_s4
D:2:      layout_basic
D:3:      minmay_spotlight, layout_basic, first_ration,
          chequers_ecumenical_altar_grove, minmay_mini_jars, uniq_robin,
          uniq_terence, uniq_jessica
D:4:      layout_gridville, old_standard_altar, marbit_many_paths,
          minmay_temple_entry_junction_2, uniq_menkaure
D:5:      minmay_polygon_palace, layout_loops_ring, lemuel_crystal_altar,
          gammafunk_ghost_smash
D:6:      layout_basic, cheibrodos_ashenzari_chains,
          gammafunk_temple_overflow_statue
D:7:      layout_loops_ring, lemuel_round_altar, kennysheep_mini_moat
D:8:      kennysheep_big_flooded_room, layout_loops_cross,
          minmay_lair_entry_grove
D:9:      layout_rooms, nicolae_overflow_hidden_temple, st_stairs_3,
          kennysheep_decorative_pillar
D:10:     layout_loops_ring, ebering_ghost_funeral_grove, blue_anna_alchemist
          [blue_anna_fruit_fields, blue_anna_fruit_fields]
D:11:     layout_loops_corners, erik_orc_4, special_room [special_room_orc]
D:12:     layout_loops_corners, serial_shops, shop, water_maze_lemuel,
          uniq_fannar

Skill      XL: |  1  2  3  4  5  6  7  8  9 10 11 |
---------------+----------------------------------+-----
Invocations    | 1 2 3 4 5 6 7 |  7.1
Short Blades   | 1 2 3 4 5 6 |  6.4
Long Blades    | 1 2 3 4 5 6 |  6.4
Maces & Flails | 1 2 3 4 5 6 |  6.4
Polearms       | 1 2 3 4 5 6 |  6.4
Staves         | 1 2 3 4 5 6 |  6.4
Slings         | 1 2 3 4 5 6 |  6.4
Bows           | 1 2 3 4 5 6 |  6.4
Crossbows      | 1 2 3 4 5 6 |  6.4
Throwing       | 1 2 3 4 5 6 |  6.4
Dodging        | 1 2 3 4 5 6 |  6.4
Stealth        | 1 2 3 4 5 6 |  6.4
Unarmed Combat | 1 2 3 4 5 6 |  6.4
Spellcasting   | 1 2 3 4 5 6 |  6.4
Evocations     | 1 2 3 4 5 6 |  6.4
Conjurations   | 1 2 3 4 5 |  5.3
Hexes          | 1 2 3 4 5 |  5.3
Charms         | 1 2 3 4 5 |  5.3
Summonings     | 1 2 3 4 5 |  5.3
Necromancy     | 1 2 3 4 5 |  5.3
Translocations | 1 2 3 4 5 |  5.3
Transmutations | 1 2 3 4 5 |  5.3
Fire Magic     | 1 2 3 4 5 |  5.3
Ice Magic      | 1 2 3 4 5 |  5.3
Air Magic      | 1 2 3 4 5 |  5.3
Earth Magic    | 1 2 3 4 5 |  5.3
Poison Magic   | 1 2 3 4 5 |  5.3
Axes           | 5 6 7 8 |  8.0
Fighting       | 7 8 9 |  9.3
Armour         | 7 8 9 |  9.3
Shields        | 7 8 9 |  9.3

Action                   |  1- 3 |  4- 6 |  7- 9 | 10-12 || total
-------------------------+-------+-------+-------+-------++-------
Melee: War axe           |    86 |    30 |       |       ||   116
       Bite              |     7 |    30 |    34 |   170 ||   241
       Dagger            |       |   172 |   287 |   909 ||  1368
       Punch             |       |     1 |     7 |    36 ||    44
Throw: Dart              |       |       |     4 |     4 ||     8
 Cast: Call Imp          |       |       |       |    15 ||    15
       Blink             |       |       |       |     1 ||     1
Invok: Shadow Step       |       |       |     1 |     1 ||     2
Evoke: Wand              |       |       |       |     2 ||     2
  Use: Scroll            |       |    12 |     1 |     1 ||    14
       Potion            |       |     2 |     1 |     1 ||     4
 Stab: Sleeping          |       |     6 |     9 |    21 ||    36
       Distracted        |       |     1 |     2 |     2 ||     5
  Eat: Chunk             |     2 |     6 |    10 |    21 ||    39
Armor: Scale mail        |    30 |    23 |       |       ||    53
       Leather armour    |       |     5 |    50 |   151 ||   206
       Skin              |       |     4 |       |       ||     4
Dodge: Dodged            |    29 |   114 |   166 |   560 ||   869
Block: Kite shield       |    50 |    41 |       |       ||    91

Table legend:
 A = Non-vault XP
 B = Vault XP
 C = Vault XP percentage of total XP
 D = Non-vault monster count
 E = Vault monster count
 F = Vault count percentage of total count
                 A         B        C        D         E       F
            +---------+---------+-------+---------+---------+-------
      Total |   11465 |    4457 |  28.0 |     218 |      96 |  30.6
            +---------+---------+-------+---------+---------+-------
        D:1 |      44 |       7 |  13.7 |      20 |       4 |  16.7
        D:2 |      36 |       0 |   0.0 |      13 |       0 |   0.0
        D:3 |     144 |     144 |  50.0 |      31 |      27 |  46.6
        D:4 |     222 |     172 |  43.7 |       9 |       1 |  10.0
        D:5 |     258 |     134 |  34.2 |      16 |       4 |  20.0
        D:6 |    1527 |       0 |   0.0 |      14 |       0 |   0.0
        D:7 |    2353 |     282 |  10.7 |      31 |       2 |   6.1
        D:8 |     255 |    2061 |  89.0 |       6 |      13 |  68.4
        D:9 |    1716 |     136 |   7.3 |      36 |       2 |   5.3
       D:10 |    1220 |      88 |   6.7 |      18 |       1 |   5.3
       D:11 |    2202 |    1433 |  39.4 |      12 |      42 |  77.8
       D:12 |    1488 |       0 |   0.0 |      12 |       0 |   0.0
            +---------+---------+-------+---------+---------+-------
